 Dungeon Crawl Stone Soup version 0.31-a0-1074-g0b22e4e0f1 (webtiles) character file.

Game seed: 8782655188496750877

107 backslashecho the Chopper (level 5, -7/39 HPs)
             Began as a Human Warper on Dec 4, 2023.
             Mangled by a gnoll
             ... wielding a +0 halberd
              (8 damage)
             ... on level 3 of the Dungeon.
             The game lasted 00:04:13 (2039 turns).

backslashecho the Chopper (Human Warper)            Turns: 2039, Time: 00:04:14

Health: -7/39      AC:  8    Str: 13    XL:     5   Next: 10%
Magic:  8/8        EV: 14    Int: 14    God:
Gold:   125        SH:  0    Dex: 12    Spells: 8/8 levels left

rFire   . . .        a - +3 hand axe (heavy)
rCold   . . .        (no shield)
rNeg    . . .        s - +0 scale mail
rPois   .            e - +0 helmet
rElec   .            (no cloak)
rCorr   .            (no gloves)
SInv    .            l - +0 pair of boots
Will    .....        (no amulet) Stlth
                     o - +5 ring of evasion
HPRegen 0.26/turn    (no ring)
MPRegen 0.11/turn

%: no passive effects
@: no status effects
A: no striking features
a: no special abilities


You were on level 3 of the Dungeon.
You visited 1 branch of the dungeon, and saw 3 of its levels.

You collected 125 gold pieces.

Inventory:

Hand Weapons
 a - a +3 heavy hand axe (weapon)
Missiles
 d - 7 darts of dispersal (quivered)
 m - 4 atropa-tipped darts
Armour
 e - a +0 helmet (worn)
 l - a +0 pair of boots (worn)
 s - a +0 scale mail (worn)
Jewellery
 o - a +5 ring of evasion (left hand)
 v - a ring of wizardry
Scrolls
 b - a scroll of summoning {unknown}
 c - a scroll of blinking
 h - a scroll of fear {unknown}
 i - 3 scrolls of identify {unknown}
 j - a scroll of enchant weapon {unknown}
 p - a scroll of poison {unknown}
 q - a scroll of teleportation {unknown}
 r - a scroll of fog {unknown}
 w - a scroll of revelation {unknown}
Potions
 f - 2 potions of haste {unknown}
 g - 2 potions of curing {unknown}
 k - 4 potions of degeneration {unknown}
 n - a potion of heal wounds {unknown}
 t - a potion of mutation {unknown}
 u - 2 potions of ambrosia {unknown}


   Skills:
 + Level 2.7 Fighting
 * Level 3.3 Axes
 + Level 1.9 Throwing
 + Level 2.0 Armour
 - Level 2.0 Dodging
 - Level 1.0 Unarmed Combat
 - Level 2.0 Spellcasting
 - Level 3.0 Translocations


You had 8 spell levels left.
You didn't know any spells.
Your spell library contained the following spells:

 Spells                   Type           Power      Damage    Failure   Level
 Blink                    Tloc           18%        N/A       43%         2
 Lesser Beckoning         Tloc           18%        N/A       43%         2
 Teleport Other           Tloc           9%         N/A       67%         3
 Manifold Assault         Tloc           9%         N/A       97%         4
 Vhi's Electric Charge    Tloc/Air       10%        N/A       99%         4


Dungeon Overview and Level Annotations

Branches:
Dungeon (3/15)

Altars:
Dithmenos
Gozag


Message History

You take 3 damage, and have 23/34 hp.
You closely miss the adder.
The adder is severely wounded.
You hit the gnoll.
You kill the gnoll!
The adder closely misses you. The adder bites you.
Your Armour skill increases to level 2!
You have reached level 5!
You regained 2 hp, and now have 25/39 hp.
MP restored: 8 You slash the adder!
You kill the adder!
A gnoll comes into view. It is wielding a +0 halberd.
You regained 6 hp, and now have 32/39 hp.
A gnoll is nearby!
The gnoll shouts!
The gnoll hits you with a +0 halberd!
You take 13 damage, and have 20/39 hp.
MASSIVE DAMAGE!!
You hit the gnoll.
The gnoll is heavily wounded.
The gnoll hits you with a +0 halberd! The gnoll hits you with a +0 halberd.
* * * LOW HITPOINT WARNING * * *
You are too injured to fight recklessly!
You are too injured to fight recklessly!
You take 9 damage, and have 11/39 hp.
MASSIVE DAMAGE!!
You are too injured to fight recklessly!
You are too injured to fight recklessly!
You are too injured to fight recklessly!
You are too injured to fight recklessly!
You are too injured to fight recklessly!
You are too injured to fight recklessly!
You are too injured to fight recklessly!
You are too injured to fight recklessly!
You are too injured to fight recklessly!
You are too injured to fight recklessly!
You are too injured to fight recklessly!
You are too injured to fight recklessly!
You are too injured to fight recklessly!
You are too injured to fight recklessly!
You are too injured to fight recklessly!
You are too injured to fight recklessly!
You closely miss the gnoll.
The gnoll is heavily wounded.
The gnoll hits you with a +0 halberd!
* * * LOW HITPOINT WARNING * * *
You take 10 damage, and have 1/39 hp.
MASSIVE DAMAGE!!
You barely miss the gnoll.
The gnoll is heavily wounded.
The gnoll hits you with a +0 halberd!
You die...

# .### #. ....
.######.≈###
...##..≈..##
###......≈..~##
#...#....≈~...#
#.#).....≈....#
.. #.#....≈~...#
#. #.##@..≈...#
.. ..###g..#.##
#. ##.###..##.#
# #.#.......#
#.#.#####.####
....
#..).######## .
#.#
###.##........#
.## ...
#.####§..####.#
..# #.
##.###§§...###.#


You could see a gnoll.

Vanquished Creatures
  An orc wizard (D:3)
  2 gnolls (D:3)
  An adder (D:3)
  A worm (D:2)
  2 dart slugs (D:1)
  4 orcs (D:3)
  3 bats
  2 endoplasms (D:1)
  A giant cockroach (D:1)
  3 goblins (D:1)
  4 hobgoblins
  3 jackals (D:3)
  2 kobolds (D:1)
  2 quokkas
  2 ball pythons
  4 frilled lizards
  5 rats
42 creatures vanquished.

Notes
Turn   | Place    | Note
-------+----------+-------------------------------------------
     0 | D:1      | backslashecho the Human Warper began the quest for the Orb.
     0 | D:1      | Reached XP level 1. HP: 16/16 MP: 3/3
   200 | D:1      | Reached XP level 2. HP: 22/22 MP: 5/5
   524 | D:1      | Reached XP level 3. HP: 27/27 MP: 6/6
  1344 | D:2      | Found a faded altar of an unknown god.
  1770 | D:3      | Reached skill level 1 in Unarmed Combat
  1782 | D:3      | Found an opulent altar of Gozag.
  1896 | D:3      | Reached XP level 4. HP: 31/34 MP: 7/7
  1915 | D:3      | Found a shadowy altar of Dithmenos.
  2008 | D:3      | Reached XP level 5. HP: 25/39 MP: 8/8
  2038 | D:3      | HP: 1/39 [gnoll/+0 halberd (11)]
  2039 | D:3      | Mangled by a gnoll

Illustrated notes

Levels and vault maps discovered:
D:1:      ncdulo_smallfort, layout_loops_ring, serial_forest,
          infiniplex_forest_straight_4, infiniplex_forest_lined_corner,
          infiniplex_forest_diagonal, infiniplex_forest_clump_small,
          infiniplex_forest_clump_diagonal, infiniplex_forest_straight_4
D:2:      layout_basic, hellmonk_ecumenical_altar_lost_god
D:3:      layout_loops_ring, nicolae_dithmenos_the_darkroom,
          nicolae_gozag_cash_rules_everything_around_me, serial_rivers,
          chequers_serial_rivers_micro_e, chequers_serial_rivers_micro_e,
          chequers_serial_rivers_small_3, chequers_serial_rivers_large_b,
          chequers_serial_rivers_small_a, minmay_misc_feat_roman,
          small_statue_alley_b, corexii_leaking_fountain, skrybe_limestone_x

Skill      XL: |  1  2  3  4 |
---------------+-------------+-----
Unarmed Combat | 1 |  1.0
Axes           | 3 |  3.3
Armour         | 2 |  2.0
Fighting       | |  2.7
Throwing       | |  1.9
Dodging        | |  2.0
Spellcasting   | |  2.0
Translocations | |  3.0

Action                     |  1- 3 |  4- 6 || total
---------------------------+-------+-------++-------
  Melee: Hand axe          |   101 |    24 ||   125
         Punch             |       |     1 ||     1
 Armour: Leather armour    |    44 |       ||    44
         Scale mail        |    13 |    24 ||    37
  Dodge: Dodged            |    60 |    22 ||    82

Table legend: (Time is in decaauts)
 A = Elapsed time spent in this place.
 B = Non-inter-level travel time spent in this place.
 C = Inter-level travel time spent in this place.
 D = Time resting spent in this place.
 E = Time spent auto-exploring this place.
 F = Levels seen in this place.
 G = Mean time per level.
                   A        B        C        D        E       F      G
               +--------+--------+--------+--------+--------+-----+--------+
         Total |   2084 |   1878 |    206 |      3 |   1425 |   3 |  694.7 |
       Dungeon |   2084 |   1878 |    206 |      3 |   1425 |   3 |  694.7 |
               +--------+--------+--------+--------+--------+-----+--------+

Top non-repeatable levels by time:
     D:1: 964 daAuts
     D:2: 806 daAuts
     D:3: 313 daAuts
